 Dungeon Crawl Stone Soup version 0.17-a0-1447-g3d113ad (webtiles) character file.

3638 feeder the Cleaver (level 9, -1/100 HPs)
             Began as a Demonspawn Berserker on June 28, 2015.
             Was a High Priest of Trog.
             Slain by hackum's ghost (5 damage)
             ... on level 8 of the Dungeon.
             The game lasted 00:17:59 (7380 turns).

feeder the Cleaver (Demonspawn Berserker)           Turns: 7380, Time: 00:17:59

Health: -1/100     AC: 15    Str: 23    XL:     9   Next: 87%
Magic:  9/9        EV:  7    Int:  9    God:    Trog [*****.]
Gold:   305        SH:  2    Dex: 13    Spells: 0 memorised, 8 levels left

rFire  + . .     SeeInvis .     H - +1 broad axe (chop)
rCold  . . .     Clarity  +     E - +1 plate armour
rNeg   . . .     SustAt   .     (no shield)
rPois  +         Gourm    .     l - +0 helmet
rElec  .         Spirit   .     (no cloak)
rCorr  .         Warding  .     (gloves unavailable)
rMut   .         Stasis   .     (no boots)
MR     .....                    j - amulet of clarity
Stlth  ..........               (no ring)
                                (no ring)

@: berserking, very quick, not resistant to hostile enchantments, extremely
unstealthy
A: claws 3, large bone plates 1, berserk 1, dopey 1, fire resistance 1,
nightstalker 2, poison resistance, evolution 2, subdued magic 1, MP-powered
wands
a: Burn Spellbooks, Berserk, Trog's Hand, Brothers in Arms, Renounce Religion


You were on level 8 of the Dungeon.
You worshipped Trog.
Trog was extremely pleased with you.
You were not hungry.

You visited 1 branch of the dungeon, and saw 8 of its levels.

You collected 305 gold pieces.

Inventory:

Hand weapons
 a - a +0 hand axe
 p - a +1 hand axe of chopping
 H - a +1 broad axe of chopping (weapon)
Armour
 b - a +0 animal skin
 l - a +0 helmet (worn)
 s - a +0 ring mail
 A - a +0 chain mail
 B - a +0 pair of gloves
 E - a +1 plate armour (worn)
Jewellery
 f - an uncursed amulet of rage
 j - an amulet of clarity (around neck)
Magical devices
 h - a wand of slowing (39)
Scrolls
 g - 2 scrolls of teleportation
 r - a scroll of immolation
 t - a scroll of fog
 y - a scroll of enchant weapon
 z - 5 scrolls of identify
 C - 3 scrolls of remove curse
 G - 4 scrolls of fear
Potions
 m - a potion of curing
 n - 3 potions of flight
 q - 3 potions of lignification
 v - a potion of resistance
 x - 3 potions of ambrosia
Books
 i - an Akashic Record

   Spells                             Type                      Level
   a - Dispersal                      Translocation                6
   b - Controlled Blink               Translocation                7
   c - Malign Gateway                 Summoning/Translocation      7
   d - Disjunction                    Translocation                8
   Trog disapproves of the use of such an item.
Comestibles
 c - a bread ration
 d - 7 meat rations
 u - 4 fruits
 I - a slice of pizza
 J - a beef jerky


   Skills:
 + Level 4.8 Fighting
 - Level 12.1 Axes
 + Level 3.9 Armour
 - Level 1.7 Dodging


You had 8 spell levels left.
You didn't know any spells.

Dungeon Overview and Level Annotations

Branches:
Dungeon (8/15)             Temple (0/1) D:5
   Lair: D:8-11

Altars:
Ashenzari
Cheibriados
Gozag
Nemelex Xobeh
Qazlal
Ru
The Shining One

Shops:
D:2 *

Annotations:
D:8 hackum's ghost, experienced DsFi


Innate Abilities, Weirdness & Mutations

You have claws for hands.
You are partially covered in large bone plates (AC +2, SH +2).
Your flesh is heat resistant.
You are significantly more attuned to the shadows.
You tend to lose your temper in combat.
You are dopey. (Int -2)
Your system is resistant to poisons.
You rapidly evolve.
Your spells are a little easier to cast, but a little less powerful.
You expend magic power (3 MP) to strengthen your wands.


Message History

You feel magically purged.
You feel yourself speed up.
Your two-headed ogre misses hackum's ghost.
Your two-headed ogre closely misses hackum's ghost.
Hackum's ghost hits you.
* * * LOW HITPOINT WARNING * * *
x2 You hit hackum's ghost but do no damage.
Hackum's ghost hits you.
* * * LOW HITPOINT WARNING * * *
x2 Your two-headed ogre misses hackum's ghost. x2
Use which ability? (? or * to list)
A red film seems to cover your vision as you go berserk!
You feel yourself moving faster!
You feel mighty!
You feel somewhat more hungry.
Your two-headed ogre disappears in a puff of smoke!
Hackum's ghost hits you.
* * * LOW HITPOINT WARNING * * *
x2 You miss hackum's ghost.
Hackum's ghost hits you!
* * * LOW HITPOINT WARNING * * *
You die...

,*****..............,,,,,,,,,....
,*,,,,.........†....,,,*,**,#.#,.
,,,,,,.........)###,,,,,,,,,..,..
,*,,,,...$......###,,,,,,**,,,,,,
,,,,,,............#,,.,,,****,,,*
*,,,,,,...[.......#,..,,,****,,,*
*,,,,,,,...?...(###...,,,,,,*,,,*
*,,,,,,,,.......W§....,*,****,,,*
*,,,,,,,,,.....(@)....,,,,,,,,,,*
******,,,,...(..##....,,,,,,,,,**
*,,,,,,,,*.......,....,,,∩,,,,,,,
*,**,,,,,,........,...,,,,,,,,*,*
,,,,,,,,,,...##.#.....,,,,,,*,,,,
*,**,,,,,,...*#.#.#.*,,,,,,,,,,,,
*,*,,,,,,,,,,,,,*,*,*,,,,,,,*,,,,
*,,,,,,,,,,,,,,,,,,,,,,,,,,,,,,,*
*,*,****,************,,,,,,,,*,,*


You could see hackum's ghost.

Vanquished Creatures
  The ghost of Dungeoncrawler the Chopper, an average DsBe of Trog (D:3)
  A hungry ghost (D:7)
  A sky beast (D:7)
  An ice beast (D:6)
  An orc warrior (D:7)
  A centaur (D:7)
  A phantom (D:5)
  7 ogres
  4 giant frogs
  4 scorpions
  A killer bee (D:7)
  4 orc priests
  2 hounds
  2 jellies
  2 giant frog skeletons
  A quasit (D:6)
  An iron imp (D:5)
  6 orc wizards
  3 iguanas
  5 worker ants
  A hound zombie (D:7)
  A hound skeleton (D:7)
  2 worker ant zombies
  9 adders
  A shadow imp (D:5)
  An ooze (D:4)
  5 worms
  4 giant geckos
  27 orcs
  3 bat skeletons
  A giant cockroach (D:1)
  11 hobgoblins
  4 quokkas
  3 ball pythons
  11 bats
  4 giant newts
  12 goblins
  9 jackals
  10 kobolds
  12 rats
  A plant (D:3)
181 creatures vanquished.

Vanquished Creatures (collateral kills)
  Erica (D:8)
  Grum (D:8)
  2 wolves (D:8)
  A centaur (D:6)
  2 big kobolds
  A killer bee (D:8)
  2 orc priests (D:6)
  A killer bee zombie (D:6)
  An orc (D:6)
  5 kobolds (D:8)
  A quokka (D:8)
18 creatures vanquished.

Vanquished Creatures (others)
  An ice beast (D:7)
  A hound (D:7)
  A goblin (D:7)
3 creatures vanquished.

Grand Total: 202 creatures vanquished

Notes
Turn   | Place    | Note
--------------------------------------------------------------
     0 | D:1      | feeder the Demonspawn Berserker began the quest for the Orb.
     0 | D:1      | Reached XP level 1. HP: 18/18 MP: 1/1
   490 | D:1      | Gained mutation: Your flesh is heat resistant. [demonic ancestry]
   490 | D:1      | Reached XP level 2. HP: 21/24 MP: 2/2
  1128 | D:2      | Acquired Trog's second power
  1529 | D:2      | Gained mutation: You are slightly more attuned to the shadows. [demonic ancestry]
  1529 | D:2      | Reached XP level 3. HP: 29/29 MP: 3/3
  1569 | D:2      | Found Gozag's Platinum Reserve.
  1569 | D:2      | Found an opulent altar of Gozag.
  1578 | D:2      | Reached skill level 4 in Axes
  2106 | D:3      | Gained mutation: You are significantly more attuned to the shadows. [demonic ancestry]
  2106 | D:3      | Reached XP level 4. HP: 31/35 MP: 4/4
  2109 | D:3      | Noticed Dungeoncrawler's ghost (average DsBe)
  2123 | D:3      | Killed Dungeoncrawler's ghost
  2123 | D:3      | Reached skill level 6 in Axes
  2123 | D:3      | Reached XP level 5. HP: 41/41 MP: 5/5
  2123 | D:3      | Gained mutation: You are partially covered in large bone plates (AC +2, SH +2). [demonic ancestry]
  2123 | D:3      | Reached XP level 6. HP: 47/47 MP: 6/6
  2288 | D:3      | Found a glowing golden altar of the Shining One.
  2761 | D:3      | Noticed a giant frog
  2766 | D:3      | Killed a giant frog
  3375 | D:4      | Reached skill level 7 in Axes
  3480 | D:4      | Gained mutation: You have sharp fingernails. [demonic ancestry]
  3480 | D:4      | Reached XP level 7. HP: 41/52 MP: 7/7
  3785 | D:4      | Found a sparkling altar of Nemelex Xobeh.
  3970 | D:5      | Entered Level 5 of the Dungeon
  4056 | D:5      | Reached skill level 8 in Axes
  4070 | D:5      | Acquired Trog's third power
  4198 | D:5      | Reached skill level 9 in Axes
  4198 | D:5      | Gained mutation: You have very sharp fingernails. [demonic ancestry]
  4198 | D:5      | Reached XP level 8. HP: 23/58 MP: 8/8
  4476 | D:5      | Found a staircase to the Ecumenical Temple.
  4548 | D:5      | Found a snail-covered altar of Cheibriados.
  4922 | D:5      | Gained mutation: Your spells are a little easier to cast, but a little less powerful. [potion of mutation]
  4922 | D:5      | Gained mutation: Your system is resistant to poisons. [potion of mutation]
  4922 | D:5      | Gained mutation: You evolve. [potion of mutation]
  4923 | D:5      | Gained mutation: You rapidly evolve. [potion of mutation]
  4923 | D:5      | Gained mutation: You are dopey. (Int -2) [potion of mutation]
  4923 | D:5      | Gained mutation: You expend magic power (3 MP) to strengthen your wands. [potion of mutation]
  4950 | D:6      | Reached skill level 10 in Axes
  5513 | D:6      | Found a stormy altar of Qazlal.
  5590 | D:6      | Found a shattered altar of Ashenzari.
  5854 | D:7      | Reached skill level 11 in Axes
  5854 | D:7      | Gained mutation: You have claws for hands. [demonic ancestry]
  5854 | D:7      | Reached XP level 9. HP: 63/63 MP: 9/9
  6641 | D:7      | Gained mutation: You tend to lose your temper in combat. [evolution]
  7269 | D:8      | Noticed Erica
  7351 | D:8      | Killed Erica
  7351 | D:8      | Reached skill level 12 in Axes
  7355 | D:8      | Found a sacrificial altar of Ru.
  7363 | D:8      | Noticed Grum
  7367 | D:8      | Killed Grum
  7371 | D:8      | Noticed hackum's ghost (experienced DsFi)
  7380 | D:8      | HP: 4/100 [hackum's ghost (15)]
  7380 | D:8      | Slain by hackum's ghost

Vault maps used:
D:1:      sevenhm_arrival_forest_fort_small_6
D:2:      first_bread, st_stairs_11, nicolae_gozag_zags_fifth_avenue
D:3:      tso_altar, serial_forest, infiniplex_forest_lined_corner,
          infiniplex_forest_clump_diagonal, infiniplex_forest_clump_diagonal,
          infiniplex_forest_clump_diagonal, infiniplex_forest_straight_4,
          infiniplex_forest_clump_double, infiniplex_forest_clump_C,
          st_stairs_10
D:4:      kennysheep_mini_moat
D:5:      minmay_temple_entry_hall, st_stairs_9, chei_slow_surprise
D:6:      overflow_temple_1_default, overflow_temple_1_default,
          serial_column_ruins, column_ruins_grid_4, column_ruins_grid_3,
          column_ruins_open_medium, column_ruins_columns_corner
D:7:      lemuel_old_faithful
D:8:      minmay_diamond_stairs, lemuel_doored_altar, lair_0_dummy,
          enter_bailey_2, enter_ossuary_5, uniq_grum, uniq_erica

Action                   |  1- 3 |  4- 6 |  7- 9 || total
-------------------------+-------+-------+-------++-------
Melee: Hand axe          |   134 |   143 |   124 ||   401
       Broad axe         |       |       |   220 ||   220
Invok: Berserk           |     2 |     1 |     4 ||     7
       Brothers in Arms  |       |       |     3 ||     3
  Use: Potion            |       |     1 |    17 ||    18
       Scroll            |       |       |    13 ||    13
 Stab: Distracted        |     1 |     1 |       ||     2
       Invisible         |       |       |     4 ||     4
  Eat: Chunk             |     2 |     5 |    12 ||    19
       Bread ration      |     1 |       |     2 ||     3
